 Dungeon Sprint DCSS version 0.26-a0-846-gcc8f1ee719 (webtiles) character file.

Game seed: 17807505834293269374

25 rocky1 the Insei (level 3, -1/36 HPs)
             Began as an Octopode Transmuter on Nov 20, 2020.
             Was a Believer of Sif Muna.
             Slain by a flying skull (10 damage)
             ... in the Dungeon (Sprint VII: "The Pits").
             The game lasted 00:01:51 (441 turns).

rocky1 the Insei (Octopode Transmuter)               Turns: 441, Time: 00:01:52

Health: -1/36      AC:  1    Str:  9    XL:     3   Next: 4%
Magic:  6/7        EV: 14    Int: 16    God:    Sif Muna [**....]
Gold:   0          SH:  0    Dex: 12    Spells: 2/8 levels left

rFire    . . .     SeeInvis .     - Unarmed
rCold    . . .     Faith    .   (no shield)
rNeg     . . .     Spirit   .   (helmet currently unavailable)
rPois    .         Reflect  .   (no amulet)
rElec    .         Harm     .   (no ring)
rCorr    .         Rampage  .   (no ring)
MR       .....     NoTele   +   (no ring)
Stlth    ..........             (no ring)
HPRegen  0.12/turn              (no ring)
MPRegen  0.10/turn              (no ring)
                                (no ring)
                                (no ring)

@: berserking, appendages, very quick
A: almost no armour, stealthy swim, amphibious, 8 rings, constrict 8, tentacle
spike 3, camouflage 1, gelatinous body 1
a: End Transformation, Channel Magic, Renounce Religion


You were in the Dungeon.
You worshipped Sif Muna.
Sif Muna was pleased with you.
One of your tentacles had a temporary spike.
You visited 1 branch

Inventory:

Scrolls
 g - a scroll of blinking
 h - 3 scrolls of remove curse
 i - 5 scrolls of amnesia
 j - a scroll of summoning
Potions
 a - 2 potions of invisibility
 b - 6 potions of curing
 c - 6 potions of heal wounds
 d - a potion of haste
 e - 4 potions of magic
 f - 2 potions of berserk rage


   Skills:
 + Level 2.0 Fighting
 + Level 2.7 Dodging
 + Level 4.1 Unarmed Combat
 + Level 3.2 Spellcasting
 + Level 3.4 Transmutations
 + Level 0.0 Poison Magic


You had 2 spell levels left.
You knew the following spells:

 Your Spells              Type           Power        Failure   Level
a - Beastly Appendage     Tmut           ##....       4%          1
b - Wereblood             Tmut           ##......     7%          2
c - Spider Form           Tmut/Pois      #.........   26%         3

Your spell library contained the following spells:

 Spells                   Type           Power        Failure   Level
 Ice Form                 Ice/Tmut       #.......     65%         4
 Blade Hands              Tmut           ##........   77%         5


Dungeon Overview and Level Annotations

Branches:
Dungeon (1/1)

Altars:
Ashenzari
Cheibriados
Dithmenos
Elyvilon
Fedhas
Gozag
Hepliaklqana
Kikubaaqudgha
Makhleb
Nemelex Xobeh
Okawaru
Qazlal
Ru
Sif Muna
Trog
Uskayaw
Vehumet
Wu Jian
Xom
Yredelemnul
Zin
The Shining One
Beogh
Jiyva
Lugonu


Innate Abilities, Weirdness & Mutations

You cannot wear most types of armour.
You are very stealthy in the water. (Stealth+)
You are amphibious.
You can wear up to eight rings at the same time.
You can use your tentacles to constrict eight enemies at once.
Your skin changes colour to match your surroundings (Stealth+).
Your rubbery body absorbs attacks. (AC +1, EV +1)
One of your tentacles bears a large vicious spike.


Message History

You pierce the flying skull!
The flying skull is severely damaged.
The flying skull hits you!
You closely miss the flying skull. Your grab misses the flying skull.
Your tentacle spike misses the flying skull.
The flying skull is severely damaged.
The flying skull hits you!
* * * LOW HITPOINT WARNING * * *
You miss the flying skull. Your grab misses the flying skull.
Your tentacle spike misses the flying skull.
Your squeeze misses the flying skull.
The flying skull is severely damaged.
The flying skull closely misses you.
An orc wizard comes into view. It is wielding a +0 dagger.
You closely miss the flying skull. You grab the flying skull.
You squeeze the flying skull, but do no damage.
The flying skull is severely damaged.
You constrict the flying skull, but do no damage.
The flying skull hits you!
You die...

#...........'.....
#'#####÷#####.....
#.#..#..#..##.....
#.#..÷..#))#####'#
#.#..####))##.....
#.#÷÷#.†#))##.....
#.#..#..#[[##.....
#.##'#..#'###...<.
#@#..).....##.....
#z#........##.....
#o###########.....
#Yo.Zo..# ######
#.###Y..# #.# .#
#.# #.. #..


You could see a sky beast, a flying skull, an orc wizard and an orc.

Vanquished Creatures
  A gnoll (D)
  An ufetubus (D)
  A leopard gecko (D)
  2 giant cockroaches (D)
  A goblin (D)
  A hobgoblin (D)
  A bat (D)
  A kobold (D)
  A rat (D)
10 creatures vanquished.

Notes
Turn   | Place    | Note
-------+----------+-------------------------------------------
     0 | D        | rocky1 the Octopode Transmuter began the quest for the Orb.
     0 | D        | Reached XP level 1. HP: 13/13 MP: 3/3
   100 | D        | Found a bloodstained altar of Trog.
   100 | D        | Found a shimmering blue altar of Sif Muna.
   100 | D        | Found a viscous altar of Jiyva.
   100 | D        | Found a hazy altar of Hepliaklqana.
   100 | D        | Found an opulent altar of Gozag.
   101 | D        | Found a glowing golden altar of the Shining One.
   101 | D        | Found a glowing silver altar of Zin.
   101 | D        | Found a basalt altar of Yredelemnul.
   101 | D        | Found a shimmering altar of Xom.
   101 | D        | Found an ornate altar of the Wu Jian Council.
   101 | D        | Found a sacrificial altar of Ru.
   101 | D        | Found a stormy altar of Qazlal.
   101 | D        | Found an iron altar of Okawaru.
   101 | D        | Found a sparkling altar of Nemelex Xobeh.
   101 | D        | Found a burning altar of Makhleb.
   101 | D        | Found a blossoming altar of Fedhas.
   101 | D        | Found a white marble altar of Elyvilon.
   101 | D        | Found a shadowy altar of Dithmenos.
   101 | D        | Found a snail-covered altar of Cheibriados.
   104 | D        | Found a corrupted altar of Lugonu.
   104 | D        | Found a radiant altar of Vehumet.
   104 | D        | Found a roughly hewn altar of Beogh.
   105 | D        | Found an ancient bone altar of Kikubaaqudgha.
   105 | D        | Found a hide-covered altar of Uskayaw.
   105 | D        | Found a broken altar of Ashenzari.
   110 | D        | Became a worshipper of Sif Muna the Loreminder
   125 | D        | Reached XP level 2. HP: 18/18 MP: 2/5
   135 | D        | Reached * piety under Sif Muna
   142 | D        | Reached skill level 4 in Unarmed Combat
   194 | D        | Reached ** piety under Sif Muna
   212 | D        | Reached XP level 3. HP: 11/24 MP: 7/7
   410 | D        | Learned a level 2 spell: Wereblood
   414 | D        | Learned a level 3 spell: Spider Form
   430 | D        | Noticed a flying skull
   432 | D        | Noticed a sky beast
   441 | D        | Slain by a flying skull

Illustrated notes

Levels and vault maps discovered:
D:        pitsprint [storerooms_1, entrance_room_1, metal_vault_3, armoury_1,
          mini_pit_1, grid_room_1, main_hall_1, silver_pit, the_coven_3,
          the_vestibule_1, steel_vault_2, golden_pit, hallway_of_sentries,
          crystal_vault_4, iron_vault_2, final_vault]

Skill      XL: |  1  2 |
---------------+-------+-----
Spellcasting   | 3 |  3.2
Transmutations | 3 |  3.4
Unarmed Combat | 4 |  4.1
Fighting       | 2 |  2.0
Dodging        | |  2.7

Action                   || total
-------------------------++-------
Melee: Unarmed           ||    38
       Kick              ||     7
       Constrict         ||     7
       Tentacles         ||     4
 Cast: Beastly Appendage ||     5
  Use: Potion            ||     1
Armor: Skin              ||     3
Dodge: Dodged            ||    32

Table legend: (Time is in decaauts)
 A = Elapsed time spent in this place.
 B = Non-inter-level travel time spent in this place.
 C = Inter-level travel time spent in this place.
 D = Time resting spent in this place.
 E = Time spent auto-exploring this place.
 F = Levels seen in this place.
 G = Mean time per level.
                   A        B        C        D        E       F      G
               +--------+--------+--------+--------+--------+-----+--------+
         Total |    436 |    436 |      0 |    244 |      0 |   1 |  436.0 |
       Dungeon |    436 |    436 |      0 |    244 |      0 |   1 |  436.0 |
               +--------+--------+--------+--------+--------+-----+--------+

Top non-repeatable levels by time:
       D: 436 daAuts
